 Dungeon Crawl Stone Soup version 0.31.0-32-g396128a36d (webtiles) character file.

Game seed: 1936367980247158310

69 AdnanSaban the Covered (level 4, 0/29 HPs)
             Began as a Gargoyle Fighter on Apr 19, 2024.
             Incinerated by a bombardier beetle (5 damage)
             ... with a burning spray
             ... on level 3 of the Dungeon.
             The game lasted 00:01:28 (1645 turns).

AdnanSaban the Covered (Gargoyle Fighter)           Turns: 1645, Time: 00:01:29

Health: 0/29       AC: 12    Str: 21    XL:     4   Next: 20%
Magic:  4/4        EV:  7    Int:  9    God:
Gold:   99         SH:  4    Dex:  9    Spells: 3/3 levels left

rFire   . . .        a - +0 flail
rCold   . . .        c - +0 buckler
rNeg    + . .        b - +0 chain mail
rPois   ∞            (no helmet)
rElec   +            (no cloak)
rCorr   .            (no gloves)
SInv    .            (no boots)
Will    .....        (no amulet) Stlth
                     (no ring)
HPRegen 0.24/turn    (no ring)
MPRegen 0.09/turn

%: no passive effects
@: on fire, glowing
A: sickness immunity, AC +3, negative energy resistance 1, electricity
resistance, torment resistance 1, petrification resistance
a: no special abilities


You were on level 3 of the Dungeon.
You visited 1 branch of the dungeon, and saw 3 of its levels.

You collected 99 gold pieces.

Inventory:

Hand Weapons
 a - a +0 flail (weapon)
Missiles
 f - 16 boomerangs (quivered)
 j - 2 poisoned darts
Armour
 b - a +0 chain mail (worn)
 c - a +0 buckler (worn)
Scrolls
 g - a scroll of identify {unknown}
Potions
 d - 3 potions of might
 e - a potion of lignification {unknown}
 h - a potion of degeneration {unknown}
 i - a potion of brilliance {unknown}
 k - a potion of berserk rage {unknown}
 l - a potion of curing {unknown}
 m - a potion of ambrosia {unknown}


   Skills:
 + Level 3.6 Fighting
 + Level 3.2 Maces & Flails
 + Level 3.8 Armour
 + Level 0.1 Dodging
 + Level 0.1 Stealth
 + Level 3.7 Shields


You had 3 spell levels left.
You didn't know any spells.
Your spell library was empty.

Dungeon Overview and Level Annotations

Branches:
Dungeon (3/15)

Altars:


Innate Abilities, Weirdness & Mutations

You are immune to sickness and miasma.
Your stone body is resilient. (AC +3)
You are immune to poison.
You resist negative energy. (rN+)
You are resistant to electric shocks. (rElec)
You are resistant to unholy torment.
You are immune to petrification.


Message History

You hit the bombardier beetle but do no damage.
The bombardier beetle is heavily wounded.
The liquid fire burns you!
The bombardier beetle closely misses you.
You barely miss the bombardier beetle.
The bombardier beetle is heavily wounded.
The liquid fire burns you! The bombardier beetle bites you.
You barely miss the bombardier beetle.
The bombardier beetle is heavily wounded.
The liquid fire burns you!
The bombardier beetle bites you but does no damage.
You closely miss the bombardier beetle.
The bombardier beetle is heavily wounded.
The liquid fire burns you!
You are too injured to fight recklessly!
You are too injured to fight recklessly!
You are too injured to fight recklessly!
You are too injured to fight recklessly!
You are too injured to fight recklessly!
You are too injured to fight recklessly!
You are too injured to fight recklessly!
You are too injured to fight recklessly!
You are too injured to fight recklessly!
You are too injured to fight recklessly!
You are too injured to fight recklessly!
You are too injured to fight recklessly!
You are too injured to fight recklessly!
You are too injured to fight recklessly!
You shake off some of the fire as you move.
The liquid fire burns you!
The bombardier beetle sprays incendiary fluid at you.
The burning spray hits you.
You are even more covered in liquid fire!
You shake off some of the fire as you move.
The liquid fire burns you!
* * * LOW HITPOINT WARNING * * *
You shake off some of the fire as you move.
The liquid fire burns you!
You die...

#### ##.## ...#
##.#.## ##.#
##.###.## .#.#
##.#####.#### <#.#
#.###.......# .#.#
##.##.##.##.#
...#####.#.#.###.#
............## #.#
.#########.## #@#
.# ### ###.#####
## #.......#
#.#.###.# #.#B.# #
##.# .# .. ###


You could see a bombardier beetle.

Vanquished Creatures
  An adder (D:2)
  A ribbon worm (D:2)
  3 dart slugs
  8 endoplasms
  A giant cockroach (D:2)
  3 goblins (D:1)
  4 hobgoblins
  6 jackals
  A kobold (D:1)
  2 quokkas
  6 ball pythons
  A bat (D:2)
  4 frilled lizards
  5 rats (D:1)
46 creatures vanquished.

Notes
Turn   | Place    | Note
-------+----------+-------------------------------------------
     0 | D:1      | AdnanSaban the Gargoyle Fighter began the quest for the
                  | Orb.
     0 | D:1      | Reached XP level 1. HP: 14/14 MP: 1/1
   198 | D:1      | Reached XP level 2. HP: 19/19 MP: 2/2
   362 | D:1      | Found a faded altar of an unknown god.
   440 | D:1      | Reached XP level 3. HP: 23/23 MP: 3/3
  1367 | D:2      | Reached XP level 4. HP: 28/28 MP: 4/4
  1645 | D:3      | Incinerated by a bombardier beetle

Illustrated notes

Levels and vault maps discovered:
D:1:      orjb1_clovarrival, layout_basic, dilly_ecumenical_altar_fadedgnrine
D:2:      layout_basic
D:3:      layout_loops_cross, minmay_misc_feat_iff, kennysheep_generic_room_16,
          uniq_robin, uniq_ijyb

Skill      XL: |  1  2  3 |
---------------+----------+-----
Maces & Flails | 3 |  3.2
Fighting       | |  3.6
Armour         | |  3.8
Dodging        | |  0.1
Stealth        | |  0.1
Shields        | |  3.7

Action                     |  1- 3 |  4- 6 || total
---------------------------+-------+-------++-------
  Melee: Flail             |   137 |    12 ||   149
 Armour: Scale mail        |    90 |     2 ||    92
         Chain mail        |       |     3 ||     3
  Dodge: Dodged            |    55 |     4 ||    59
  Block: Buckler           |    28 |     1 ||    29
